 Dungeon Crawl Stone Soup version 0.31-a0-188-g5e087ee2ca (webtiles) character file.

Game seed: 6066069926898364387

294 qw the Skirmisher (level 6, -3/35 HPs)
             Began as a Deep Elf Hunter on June 23, 2023.
             Slain by a troll (4 damage)
             ... on level 5 of the Dungeon.
             The game lasted 00:01:07 (3142 turns).

qw the Skirmisher (Deep Elf Hunter)                 Turns: 3142, Time: 00:01:07

Health: -3/35      AC: 11    Str: 15    XL:     6   Next: 11%
Magic:  8/8        EV: 11    Int: 14    God:
Gold:   218        SH:  0    Dex: 25    Spells: 5/5 levels left

rFire   . . .        Y - +0 shortbow (freeze)
rCold   . . .        (shield currently unavailable)
rNeg    . . .        e - +0 scale mail
rPois   .            d - +2 helmet
rElec   .            l - +0 cloak
rCorr   .            a - +0 pair of gloves {Dex+3}
SInv    .            (no boots)
Will    .....        k - amulet "Orooplo" {Acrobat Str+5 Dex+4}
Stlth   +            (no ring)
HPRegen 0.25/turn    (no ring)
MPRegen 0.11/turn

%: acrobat
@: no status effects
A: no striking features
a: no special abilities


You were on level 5 of the Dungeon.
You visited 1 branch of the dungeon, and saw 5 of its levels.

You collected 218 gold pieces.


   Skills:
 - Level 2.1 Fighting
 + Level 9.0 Ranged Weapons
 - Level 1.0 Armour
 - Level 3.2 Dodging
 - Level 1.2 Stealth


You had 5 spell levels left.
You didn't know any spells.
Your spell library was empty.

Inventory:

Hand Weapons
 Y - a +0 shortbow of freezing (weapon)
Armour
 a - a +0 pair of gloves of dexterity (worn)
 d - a +2 helmet (worn)
 e - a +0 scale mail (worn)
 l - a +0 cloak (worn)
Jewellery
 k - the amulet "Orooplo" (around neck) {Acrobat Str+5 Dex+4}
   (You found it on level 2 of the Dungeon)

   [amulet of the acrobat]

   It increases your evasion while moving and waiting.
   Str:       It affects your strength (+5).
   Dex:       It affects your dexterity (+4).
Scrolls
 g - a scroll of identify
Potions
 f - a potion of enlightenment
 i - 2 potions of curing
 m - a potion of cancellation

Dungeon Overview and Level Annotations

Branches:
Dungeon (5/15)
 Temple: D:4-7

Altars:
Sif Muna
Trog
The Shining One

Shops:
D:4 (

Annotations:
D:4 1 runed translucent door, exclusion: 2 orc warriors, Crazy Yiuf


Message History

The arrow hits the ufetubus but does no damage.
The ufetubus is severely wounded.
The ufetubus hits you but does no damage. x2
The ufetubus barely misses you. x2
You shoot an arrow. The arrow hits the ufetubus!
You kill the ufetubus!
You start resting.
HP restored.
You now have 218 gold pieces (gained 13).
A hound comes into view.
Found 3 gold pieces.
The hound barks!
You shoot an arrow.
The arrow hits the hound but does no damage.
You shoot an arrow. The arrow barely misses the hound.
You shoot an arrow. The arrow hits the hound.
The arrow freezes the hound.
The hound is lightly wounded.
The hound misses you.
A troll comes into view.
You shoot an arrow. The troll shouts!
The arrow hits the hound.
The arrow freezes the hound.
The hound is heavily wounded.
The hound bites you. The hound closely misses you.
You shoot an arrow. The arrow hits the hound.
The arrow freezes the hound.
The hound is severely wounded.
The hound misses you. The hound bites you but does no damage.
You shoot an arrow. The arrow barely misses the hound.
The hound bites you but does no damage. x2
You shoot an arrow. The arrow hits the hound.
The arrow freezes the hound.
You kill the hound!
Your Fighting skill increases to level 2!
You have reached level 6!
You shoot an arrow. The arrow barely misses the troll.
The troll closely misses you. The troll claws you but does no damage.
The troll claws you!
You shoot an arrow. The arrow barely misses the troll.
The troll bites you! The troll barely misses you. The troll claws you!
The troll bites you but does no damage. The troll claws you.
You die...

#......##
#...#
#.##....#
#...# #.
####.#####...#
# #.....#...#
.######.....#
............#
##..#.##....#
# ... #....#
#..# ##@###
#.. #T..$....
... ........#
## ......####
....##.#
#.##.. .. #.
##. .. # . ..#


You could see a troll.

Vanquished Creatures
  A hound (D:5)
  An iguana (D:5)
  Jessica (D:3)
  Terence (D:3)
  An orc wizard (D:4)
  Robin (D:3)
  4 adders
  An ufetubus (D:5)
  An adder zombie (D:2)
  An adder skeleton (D:2)
  2 dart slugs (D:2)
  An orc (D:3)
  7 ball pythons
  2 bats (D:2)
  A bat skeleton (D:2)
  A bat zombie (D:2)
  5 endoplasms
  4 giant cockroaches
  12 goblins
  6 hobgoblins
  12 jackals
  5 quokkas
  A ball python zombie (D:2)
  2 giant cockroach zombies (D:2)
  12 kobolds
  5 rats
91 creatures vanquished.

Notes
Turn   | Place    | Note
-------+----------+-------------------------------------------
     0 | D:1      | qw the Deep Elf Hunter began the quest for the Orb.
     0 | D:1      | Reached XP level 1. HP: 12/12 MP: 3/3
     0 | D:1      | 0 ||| qw: Version: 0.3-a-9-g12657ce
     0 | D:1      | 0 ||| qw: Game counter: 3441
     0 | D:1      | 0 ||| qw: Always use a shield: true
     0 | D:1      | 0 ||| qw: God list: Okawaru
     0 | D:1      | 0 ||| qw: Allow faded altars: false
     0 | D:1      | 0 ||| qw: Do Orc after D:15 true
     0 | D:1      | 0 ||| qw: Do second Lair branch before Depths: true
     0 | D:1      | 0 ||| qw: Lair rune preference: random
     0 | D:1      | 0 ||| qw: Plans: Normal
     0 | D:1      | 0 ||| PLANNING D:1-11
   170 | D:1      | Reached skill level 6 in Ranged Weapons
   170 | D:1      | Reached XP level 2. HP: 16/16 MP: 4/4
   563 | D:1      | 563 ||| READING scroll labelled UTUBBU AVEM.
   593 | D:1      | 593 ||| READING scroll labelled ROPPIZX COAFFI.
   594 | D:1      | 594 ||| READING 2 scrolls labelled SAODWI DUEQUBB.
   595 | D:1      | 595 ||| READING 2 scrolls labelled CEUDDE SALUR.
   599 | D:1      | 599 ||| READING scroll labelled IBOXIRCHENG.
   599 | D:1      | Identified a scroll of acquirement
   599 | D:1      | 599 ||| ACQUIRING +0 pair of gloves of dexterity
   599 | D:1      | Acquired a +0 pair of gloves of dexterity
   601 | D:1      | 601 ||| UPGRADING to +0 pair of gloves of dexterity.
   606 | D:1      | 606 ||| READING scroll labelled TEVIPN UKAGH.
   607 | D:1      | 607 ||| READING scroll labelled ZOSO CEYBO.
   608 | D:1      | 608 ||| DRINKING 2 dark potions.
   609 | D:1      | 609 ||| DRINKING 3 silvery potions.
   610 | D:1      | 610 ||| DROPPING scroll of butterflies.
   758 | D:2      | Reached XP level 3. HP: 20/20 MP: 5/5
  1120 | D:2      | Reached skill level 7 in Ranged Weapons
  1136 | D:2      | Reached skill level 3 in Dodging
  1156 | D:2      | Identified the amulet "Orooplo" {Acrobat Str+5 Dex+4}
  1208 | D:2      | Reached XP level 4. HP: 25/25 MP: 6/6
  1570 | D:2      | 1570 ||| UPGRADING to +0 helmet.
  1575 | D:2      | 1575 ||| UPGRADING to +0 cloak.
  1580 | D:2      | 1580 ||| UPGRADING to amulet "Orooplo" {Acrobat Str+5
                  | Dex+4}.
  1585 | D:2      | 1585 ||| READING scroll labelled ZEIRCHAS ABBO.
  1586 | D:2      | 1586 ||| READING 2 scrolls of identify.
  1586 | D:2      | 1586 ||| IDENTIFYING fuming coppery potion
  1587 | D:2      | 1587 ||| DROPPING potion of ambrosia.
  1698 | D:3      | Noticed Terence
  1710 | D:3      | Killed Terence
  1848 | D:3      | Noticed Robin
  1856 | D:3      | Killed Robin
  1859 | D:3      | Reached skill level 8 in Ranged Weapons
  1928 | D:3      | Noticed Jessica
  1929 | D:3      | Killed Jessica
  1930 | D:3      | Reached XP level 5. HP: 29/29 MP: 7/7
  2307 | D:3      | 2307 ||| UPGRADING to +2 helmet.
  2317 | D:3      | 2317 ||| DROPPING +0 helmet.
  2318 | D:3      | 2318 ||| DRINKING 2 purple potions.
  2319 | D:3      | 2319 ||| READING 4 scrolls of identify.
  2319 | D:3      | 2319 ||| IDENTIFYING fizzy white potion
  2320 | D:3      | 2320 ||| READING 3 scrolls of identify.
  2320 | D:3      | 2320 ||| IDENTIFYING sapphire potion
  2321 | D:3      | 2321 ||| READING 2 scrolls of identify.
  2321 | D:3      | 2321 ||| IDENTIFYING puce potion
  2322 | D:3      | 2322 ||| DROPPING potion of lignification.
  2323 | D:3      | 2323 ||| DROPPING potion of attraction.
  2324 | D:3      | 2324 ||| DROPPING potion of brilliance.
  2411 | D:4      | Found Uxtuugua's Weapon Emporium.
  2485 | D:4      | Found a runed translucent door.
  2486 | D:4      | Noticed Crazy Yiuf
  2586 | D:4      | Reached skill level 9 in Ranged Weapons
  2586 | D:4      | Found a shimmering blue altar of Sif Muna.
  2597 | D:4      | Found a bloodstained altar of Trog.
  2597 | D:4      | Noticed an orc warrior
  2602 | D:4      | HP: 6/29 [orc warrior/+0 halberd (17)]
  2603 | D:4      | 2603 ||| READING scroll of teleportation.
  2605 | D:4      | 2605 ||| READING scroll labelled SISEUSOING.
  2605 | D:4      | Found a glowing golden altar of the Shining One.
  3008 | D:4      | 3008 ||| UPGRADING to +0 scale mail.
  3018 | D:4      | 3018 ||| DROPPING +0 leather armour.
  3019 | D:4      | 3019 ||| READING scroll labelled RAKUIPLASKUN.
  3020 | D:4      | 3020 ||| READING 2 scrolls of identify.
  3020 | D:4      | 3020 ||| IDENTIFYING emerald potion
  3021 | D:4      | 3021 ||| DROPPING potion of magic.
  3066 | D:5      | Entered Level 5 of the Dungeon
  3070 | D:5      | Reached skill level 1 in Armour
  3136 | D:5      | Noticed a troll
  3141 | D:5      | Reached XP level 6. HP: 31/35 MP: 8/8
  3142 | D:5      | HP: 1/35 [troll (11)]
  3142 | D:5      | Slain by a troll

Levels and vault maps discovered:
D:1:      sevenhm_arrival_forest_fort_large_2, layout_rooms, serial_rivers,
          chequers_serial_rivers_micro_a, chequers_serial_rivers_room_a,
          chequers_serial_rivers_small_b, chequers_serial_rivers_micro_d,
          nrook_loot_triangle
D:2:      layout_basic, serial_undead, serial_undead_b, serial_undead_c,
          serial_undead_a, serial_undead_e, serial_undead_b, serial_undead_e
D:3:      layout_loops_ring, kennysheep_generic_room_8, uniq_robin,
          uniq_terence, uniq_jessica
D:4:      layout_rooms, nzn_overflow_gifts_of_might_and_magic,
          mainiacjoe_overflow_alcove_4, serial_shops, shop,
          uniq_crazy_yiuf_cottage
D:5:      layout_rooms

Skill      XL: |  1  2  3  4  5 |
---------------+----------------+-----
Ranged Weapons | 6 7 8 9 |  9.0
Dodging        | 3 |  3.2
Armour         | 1 |  1.0
Fighting       | 2 |  2.1
Stealth        | |  1.2

Action                     |  1- 3 |  4- 6 || total
---------------------------+-------+-------++-------
   Fire: Shortbow          |    95 |   114 ||   209
    Use: Scroll            |     7 |     9 ||    16
         Potion            |     2 |     1 ||     3
 Armour: Leather armour    |     9 |     6 ||    15
         Scale mail        |       |    19 ||    19
  Dodge: Dodged            |     9 |    31 ||    40

Table legend:
 A = Non-vault XP
 B = Vault XP
 C = Vault XP percentage of total XP
 D = Non-vault monster count
 E = Vault monster count
 F = Vault count percentage of total count
                 A         B        C        D         E       F
            +---------+---------+-------+---------+---------+-------
      Total |     261 |     159 |  37.9 |      70 |      21 |  23.1
            +---------+---------+-------+---------+---------+-------
        D:1 |      29 |       0 |   0.0 |      16 |       0 |   0.0
        D:2 |      56 |      18 |  24.3 |      24 |       7 |  22.6
        D:3 |      16 |     106 |  86.9 |       9 |      13 |  59.1
        D:4 |      63 |      35 |  35.7 |      14 |       1 |   6.7
        D:5 |      97 |       0 |   0.0 |       7 |       0 |   0.0
            +---------+---------+-------+---------+---------+-------
